Map: Void Thrashing

Players

Sovereign

  • Race: Protoss Protoss
  • League: Gold
  • Spawn Location: 9:00

Arthainax

  • Race: Protoss Protoss
  • Spawn Location: 6:00

VOD

Have the link to the VOD?

Description

A good build order for massing Dts as fast as possible and nothing else. Best used on objective based maps like Scythe of Amon, Void Thrashing, Rifts to Korhal, where enemy air units can be avoided while still accomplishing the mission.

Time

  • Played on: Sept. 15, 2020, 1:08 a.m.
  • Length: 19:37
Show
View Real Time Build Order
Export as new Build Order

Sovereign Protoss 

Build Orders:  

Get SALT Encoding   

  12  0:02  Probe (Chrono Boost)  
  13  0:21  Probe (Chrono Boost)  
  14  0:41  Pylon  
  14  0:55  Forge  
  14  1:03  Assimilator  
  14  1:08  Assimilator, Probe (Chrono Boost)  
  15  1:20  Probe (Chrono Boost)  
  16  1:32  Probe (Chrono Boost)  
  17  1:46  Probe (Chrono Boost)  
  18  1:58  Probe (Chrono Boost)  
  18  2:07  Gateway  
  19  2:19  Pylon  
  19  2:27  Probe (Chrono Boost), Photon Cannon  
  20  2:41  Probe (Chrono Boost)  
  21  2:58  Photon Cannon  
  21  3:19  Pylon  
  21  3:26  Shield Battery  
  21  3:29  Shield Battery  
  21  3:32  Probe (Chrono Boost)  
  22  3:44  Probe (Chrono Boost)  
  23  4:21  Nexus  
  23  4:46  Forge  
  23  4:53  Cybernetics Core  
  23  5:01  Protoss Ground Weapons Level 1, Protoss Ground Armor Level 1, Pylon  
  23  5:14  Solar Efficiency Level 1  
  23  5:15  Sentinel  
  23  5:26  Probe (Chrono Boost)  
  26  5:38  Probe (Chrono Boost)  
  27  5:50  Probe (Chrono Boost)  
  28  6:02  Probe (Chrono Boost)  
  29  6:16  Warp Gate  
  29  6:30  Sentinel  
  29  7:47  Robotics Facility  
  29  8:00  Robotics Facility  
  29  8:01  Robotics Facility  
  29  8:06  Pylon  
  29  8:12  Robotics Facility  
  29  8:15  Gateway  
  29  8:19  Gateway  
  29  8:20  Probe (Chrono Boost)  
  29  8:23  Pylon  
  29  8:26  Probe (Chrono Boost)  
  31  8:32  Probe (Chrono Boost)  
  31  8:38  Probe (Chrono Boost)  
  32  8:44  Probe (Chrono Boost)  
  34  8:50  Probe (Chrono Boost)  
  34  8:56  Probe (Chrono Boost)  
  36  9:08  Probe (Chrono Boost), Energizer  
  38  9:19  Probe (Chrono Boost)  
  39  9:20  Probe (Chrono Boost)  
  41  9:31  Probe (Chrono Boost)  
  41  9:32  Assimilator, Probe (Chrono Boost)  
  41  9:36  Assimilator  
  43  10:23  Immortal x2  
  43  10:24  Immortal  
  43  10:32  Immortal x2  
  43  10:34  Immortal  
  65  11:30  Robotics Bay  
  65  11:37  Twilight Council  
  65  11:43  Gateway  
  65  11:44  Pylon x2  
  65  11:46  Pylon  
  65  11:48  Pylon  
  65  11:51  Probe (Chrono Boost)  
  65  11:53  Probe (Chrono Boost)  
  67  12:05  Probe (Chrono Boost)  
  67  12:07  Probe (Chrono Boost)  
  69  12:14  Advanced Repair Systems  
  69  12:20  Probe (Chrono Boost)  
  69  12:22  Probe (Chrono Boost)  
  71  12:35  Probe (Chrono Boost), Immortal  
  70  12:48  Energizer  
  70  12:49  Energizer  
  66  13:05  Energizer x2  
  74  13:31  Immortal  
  58  13:44  Unknown  
  64  13:52  Shadow Cannon  
  64  13:58  Solar Efficiency Level 2  
  64  14:00  Immortal  
  64  14:16  Observer  
  63  14:42  Observer  
  63  14:43  Probe x2 (Chrono Boost), Phase Detonation  
  66  15:06  Immortal x2  
  66  15:25  Energizer  
  66  15:26  Energizer  
  66  15:29  Sentinel x2  
  82  16:04  Immortal x2  
  85  16:53  Sentinel x4  
  77  18:22  Immortal x2  
  65  18:31  Immortal  
Show
View Real Time Build Order
Export as new Build Order

Arthainax Protoss 

Build Orders:  

Get SALT Encoding   

  12  0:00  Probe (Chrono Boost)  
  13  0:13  Probe (Chrono Boost)  
  14  0:25  Probe (Chrono Boost)  
  15  0:32  Pylon  
  15  0:40  Assimilator  
  15  0:50  Assimilator  
  15  0:55  Probe (Chrono Boost)  
  16  1:07  Probe (Chrono Boost)  
  17  1:19  Probe (Chrono Boost)  
  17  1:21  Gateway  
  18  1:31  Probe (Chrono Boost)  
  19  1:43  Probe (Chrono Boost)  
  20  1:55  Probe (Chrono Boost)  
  20  1:59  Forge  
  21  2:07  Probe (Chrono Boost)  
  21  2:14  Pylon  
  21  2:19  Forge  
  22  2:20  Probe (Chrono Boost)  
  23  2:31  Protoss Ground Weapons Level 1  
  23  2:37  Cybernetics Core  
  23  2:38  Probe (Chrono Boost)  
  23  2:44  Protoss Shields Level 1  
  24  2:50  Probe (Chrono Boost)  
  25  3:02  Probe (Chrono Boost)  
  26  3:40  Assimilator  
  26  3:47  Assimilator  
  26  3:56  Probe (Chrono Boost)  
  27  4:05  Nexus  
  27  4:08  Probe (Chrono Boost)  
  27  4:15  Twilight Council  
  27  4:19  Pylon  
  28  4:20  Probe (Chrono Boost)  
  29  4:43  Warp Gate  
  29  5:06  Dark Shrine  
  29  5:09  Probe (Chrono Boost)  
  29  5:18  Protoss Ground Weapons Level 2  
  30  5:21  Probe (Chrono Boost)  
  30  5:24  Protoss Shields Level 2  
  30  5:28  Shadow Fury  
  31  5:33  Probe (Chrono Boost)  
  32  5:45  Probe (Chrono Boost)  
  33  5:52  Probe (Chrono Boost)  
  33  5:57  Probe (Chrono Boost)  
  35  6:03  Gateway  
  35  6:05  Probe (Chrono Boost)  
  35  6:06  Gateway  
  36  6:11  Gateway  
  36  6:13  Gateway  
  36  6:14  Pylon  
  36  6:17  Probe (Chrono Boost)  
  37  6:23  Pylon  
  37  6:28  Pylon  
  37  6:36  Pylon  
  37  6:37  Pylon  
  37  6:39  Pylon  
  37  6:42  Dark Templar  
  39  7:28  Dark Templar x4  
  47  7:32  Dark Templar  
  47  7:39  Protoss Shields Level 3, Protoss Ground Weapons Level 3  
  49  8:15  Dark Templar Blink  
  49  9:00  Dark Pylon  
  49  9:03  Dark Templar  
  49  9:04  Dark Templar x4  
  59  9:13  Gateway  
  59  9:15  Gateway  
  59  9:18  Gateway  
  59  9:20  Gateway  
  59  9:25  Gateway x2  
  59  9:51  Dark Templar x4  
  59  9:52  Dark Templar  
  69  10:55  Dark Templar x6  
  69  10:56  Dark Templar x4  
  69  10:57  Dark Templar  
  89  11:16  Dark Pylon  
  89  11:22  Dark Templar  
  89  11:23  Dark Templar x3  
  89  11:28  Void Stasis  
  89  11:29  Dark Templar  
  99  11:35  Dark Templar  
  89  12:43  Dark Pylon  
  89  12:46  Dark Templar  
  89  12:47  Dark Templar x5  
  89  12:49  Dark Templar  
  101  13:27  Dark Templar x2  
  101  13:28  Dark Templar x2  
  108  13:57  Stalker  
  110  14:26  Pylon  
  110  14:27  Pylon  
  110  14:28  Pylon x2  
  110  14:32  Pylon  
  110  14:33  Dark Pylon, Pylon  
  110  14:36  Probe (Chrono Boost)  
  110  14:37  Dark Templar x2  
  110  14:38  Dark Templar  
  117  15:01  Dark Templar x5  
  117  15:02  Dark Templar  
  117  15:06  Dark Templar  
  131  15:49  Dark Templar x4  
  87  16:52  Dark Templar x2  
  87  16:53  Dark Templar x5  
  87  16:59  Dark Templar  
  103  17:19  Dark Templar  
  105  17:20  Dark Templar  
  107  17:31  Dark Templar  
Tags
 
Commander
KaraxVorazun
League
Gold
Matchup
Co-op
Add a new tag
Caveats
  • Supply blocks, unpowered buildings, or Contaminate may cause inaccurate times.
  • Supply counts are checked every 10 seconds.